 Dungeon Crawl Stone Soup version 0.23.1 (webtiles) character file.

Game seed: 10276045186148588819

5096 zedzed the Fighter (level 10, -17/70 HPs)
             Began as a Gargoyle Gladiator on Mar 1, 2019.
             Was an Elder of Okawaru.
             Killed from afar by Harold (20 damage)
             ... with a harpoon shot
             ... on level 9 of the Dungeon.
             The game lasted 01:04:59 (9771 turns).

zedzed the Fighter (Gargoyle Gladiator)             Turns: 9771, Time: 01:05:00

Health: -17/70     AC: 12    Str: 20    XL:     10   Next: 57%
Magic:  12/12      EV: 12    Int:  9    God:    Okawaru [****..]
Gold:   382        SH:  5    Dex: 12    Spells: 9/9 levels left

rFire    . . .     SeeInvis .   J - +0 flail (crush)
rCold    . . .     Gourm    .   q - +0 buckler
rNeg     + . .     Faith    .   b - +0 leather armour
rPois    ∞         Spirit   .   c - +0 helmet
rElec    +         Reflect  .   (no cloak)
rCorr    +         Harm     .   (no gloves)
MR       +....                  E - +0 pair of boots
Stlth    +.........             (no amulet)
HPRegen  0.21/turn              v - ring of resist corrosion
MPRegen  0.13/turn              D - ring of protection from magic

@: marked
A: negative energy resistance 1, electricity resistance, unbreathing,
petrification resistance, rot immunity, AC +7
a: Heroism, Renounce Religion


You were on level 9 of the Dungeon.
You worshipped Okawaru.
Okawaru was greatly pleased with you.
You were not hungry.

You visited 2 branches of the dungeon, and saw 10 of its levels.

You collected 382 gold pieces.

Inventory:

Hand Weapons
 a - a +0 flail
 J - a +0 flail of crushing (weapon)
Missiles
 d - a throwing net (quivered)
 l - 2 needles of sleeping
 r - 6 javelins
Armour
 b - a +0 leather armour (worn)
 c - a +0 helmet (worn)
 i - a +0 robe
 q - a +0 buckler (worn)
 y - a +1 hat
 B - a +0 ring mail
 E - a +0 pair of boots (worn)
Jewellery
 v - a ring of resist corrosion (left hand)
 C - an uncursed ring of magical power
 D - a ring of protection from magic (right hand)
 F - an uncursed ring of flight
 G - an uncursed ring of fire
 I - an uncursed ring of protection from cold {unknown}
Wands
 z - a wand of paralysis (14)
Scrolls
 e - a scroll of noise
 j - a scroll of magic mapping
 k - a scroll of fear {unknown}
 n - 2 scrolls of remove curse
 o - 4 scrolls of identify
 p - 2 scrolls of enchant weapon {unknown}
 w - 3 scrolls of enchant armour {unknown}
 x - 4 scrolls of teleportation
 H - a scroll of amnesia {unknown}
 K - 2 scrolls of blinking {unknown}
 L - a scroll of immolation {unknown}
 N - 2 scrolls of random uselessness {unknown}
Potions
 g - a potion of lignification
 h - a potion of might {unknown}
 m - 2 potions of heal wounds {unknown}
 s - 5 potions of curing
 t - a potion of ambrosia {unknown}
 u - 3 potions of brilliance {unknown}
 A - a potion of invisibility {unknown}
Comestibles
 f - 8 rations
 M - 2 chunks of flesh


   Skills:
 - Level 11.3 Fighting
 - Level 10.0 Maces & Flails
 - Level 1.7 Throwing
 + Level 2.3 Armour
 - Level 2.4 Dodging
 - Level 5.0 Shields
 - Level 3.2 Invocations


You had 9 spell levels left.
You didn't know any spells.
Your spell library contained the following spells:

 Spells                   Type           Power        Failure   Level  Hunger
 Corona                   Hex            #......      43%         1    ##.....
 Ensorcelled Hibernation  Hex/Ice        #.....       56%         2    ###....
 Confuse                  Hex            #.......     80%         3    ####...
 Dazzling Spray           Conj/Hex       #.....       80%         3    ####...
 Tukima's Dance           Hex            #.......     80%         3    ####...


Dungeon Overview and Level Annotations

Branches:
Dungeon (9/15)             Temple (1/1) D:5
   Lair: D:8-11         Orc: D:9-12

Altars:
Ashenzari
Cheibriados
Dithmenos
Hepliaklqana
Makhleb
Okawaru
Qazlal
Ru
Trog
Uskayaw
Wu Jian
Xom
Yredelemnul
The Shining One

Shops:
D:5 =:

Annotations:
D:2 Terence
D:4 Dowan, Duvessa
D:9 Harold


Innate Abilities, Weirdness & Mutations

You are resistant to torment.
Your stone body is resilient. (AC +7)
You are immune to poison.
You resist negative energy. (rN+)
You are resistant to electric shocks. (rElec)
You can survive without breathing.
You are immune to petrification.
You are immune to rotting.


Message History

A sentinel's mark forms upon you.
There is an open door here.
You close the door.
You feel like a meek peon again.
Harold opens the door.
You close the door.
Harold opens the door.
You close the door.
Harold opens the door.
You close the door.
Harold opens the door.
You close the door.
Something unseen opens the door.
There is an open door here.
Harold points at you and mumbles some strange words.
The mark upon you grows brighter.
Harold points at you and mumbles some strange words.
The harpoon shot hits you.
* * * LOW HITPOINT WARNING * * *
You are yanked forward by the harpoon shot.
Harold casts a spell at you. The harpoon shot hits you!!
You die...

#..........#.###.....
#......(...#.†.......
#######.########.....
##..# #..... ###..##
#####. #†..## #.
##†######### #.
#..........# #.
+..@.......# #.
#..........# #.
#..@^......# #)
#..........# #.
#..>.......# #.
#..........# #.
#####'###### ## #...#
# ###.#


You could see Harold.

Vanquished Creatures
  A hornet (D:8)
  Grinder (D:5)
  4 yaks (D:8)
  2 hungry ghosts
  An orc warrior (D:7)
  4 ice beasts
  2 sky beasts
  4 phantoms
  5 ogres
  A big kobold (D:7)
  5 bullfrogs
  A scorpion (D:8)
  13 killer bees
  5 wights (D:7)
  3 howler monkeys
  A bullfrog zombie (D:5)
  4 crimson imps
  3 hounds
  A centaur zombie (D:5)
  2 jellies
  4 orc priests
  A centaur skeleton (D:5)
  3 bullfrog skeletons
  2 iguanas
  7 orc wizards
  2 worker ants
  2 hound zombies
  A hound skeleton (D:7)
  7 adders
  3 gnolls (D:4)
  A howler monkey skeleton (D:6)
  2 shadow imps
  An ooze (D:3)
  A worm (D:3)
  2 dart slugs
  5 leopard geckos
  17 orcs
  A ball python (D:3)
  5 giant cockroaches
  7 goblins
  4 hobgoblins
  2 jackals (D:1)
  2 quokkas
  9 bats
  2 frilled lizards
  12 kobolds
  A leopard gecko zombie (D:8)
  6 rats
175 creatures vanquished.

Notes
Turn   | Place    | Note
-------+----------+-------------------------------------------
     0 | D:1      | zedzed the Gargoyle Gladiator began the quest for the Orb.
     0 | D:1      | Reached XP level 1. HP: 12/12 MP: 1/1
    37 | D:1      | Reached XP level 2. HP: 11/18 MP: 2/2
   484 | D:1      | Reached skill level 3 in Fighting
   522 | D:1      | Reached XP level 3. HP: 22/23 MP: 3/3
   816 | D:2      | Found a faded altar of an unknown god.
   928 | D:2      | Found a glowing golden altar of the Shining One.
   989 | D:2      | Found a burning altar of Makhleb.
   989 | D:2      | Found a hide-covered altar of Uskayaw.
  1045 | D:2      | Noticed Terence
  1603 | D:3      | Found a bloodstained altar of Trog.
  1730 | D:3      | Reached XP level 4. HP: 25/28 MP: 4/4
  1866 | D:3      | Found a shimmering altar of Xom.
  2477 | D:4      | Reached skill level 4 in Fighting
  2525 | D:4      | Reached XP level 5. HP: 25/33 MP: 5/5
  2550 | D:4      | HP: 1/34 [gnoll/+0 flail (3)]
  2903 | D:4      | Noticed a phantom
  2956 | D:4      | Killed a phantom
  2956 | D:4      | Reached skill level 5 in Fighting
  2956 | D:4      | Reached skill level 5 in Maces & Flails
  2956 | D:4      | Reached XP level 6. HP: 19/40 MP: 6/6
  2995 | D:4      | Noticed Dowan
  2997 | D:4      | Noticed Duvessa
  3183 | D:4      | Found a shadowy altar of Dithmenos.
  3198 | D:4      | Found a shattered altar of Ashenzari.
  3767 | D:5      | Entered Level 5 of the Dungeon
  3859 | D:5      | Noticed Grinder
  3887 | D:5      | Paralysed by Grinder for 5 turns
  3892 | D:5      | Killed Grinder
  3892 | D:5      | Reached skill level 6 in Fighting
  3892 | D:5      | Reached XP level 7. HP: 32/46 MP: 7/7
  4372 | D:5      | Found Emufak's Jewellery Boutique.
  4453 | D:5      | Noticed a rust devil
  4482 | D:5      | Found Ziceteh's Book Shop.
  4491 | D:5      | Found a snail-covered altar of Cheibriados.
  4557 | D:5      | Reached skill level 1 in Shields
  4616 | D:5      | Found a staircase to the Ecumenical Temple.
  4628 | Temple   | Entered the Ecumenical Temple
  4700 | Temple   | Became a worshipper of Warmaster Okawaru
  4730 | D:5      | Noticed an angel
  4868 | D:5      | Reached XP level 8. HP: 41/52 MP: 8/8
  4974 | D:5      | Found an ornate altar of the Wu Jian Council.
  4990 | D:5      | Reached skill level 7 in Fighting
  5079 | D:5      | Reached * piety under Okawaru
  5079 | D:5      | Reached skill level 5 in Shields
  5394 | D:6      | Reached skill level 1 in Invocations
  6100 | D:6      | Reached skill level 8 in Fighting
  6607 | D:6      | Reached XP level 9. HP: 57/59 MP: 11/11
  7032 | D:7      | Found a sacrificial altar of Ru.
  7243 | D:7      | Reached skill level 9 in Fighting
  7444 | D:7      | Reached ** piety under Okawaru
  8317 | D:8      | Reached skill level 10 in Fighting
  8575 | D:8      | Noticed a hornet
  8586 | D:8      | Killed a hornet
  8586 | D:8      | Reached XP level 10. HP: 68/68 MP: 12/12
  8750 | D:8      | Identified the +1 robe of Maomun {+Fly rCorr}
  8819 | D:8      | Reached *** piety under Okawaru
  9047 | D:8      | Found a hazy altar of Hepliaklqana.
  9083 | D:8      | Reached skill level 11 in Fighting
  9644 | D:9      | Reached **** piety under Okawaru
  9664 | D:9      | Reached skill level 10 in Maces & Flails
  9676 | D:9      | Reached skill level 1 in Armour
  9722 | D:9      | Noticed Harold
  9740 | D:9      | HP: 2/70 [Harold/+0 battleaxe (17)]
  9770 | D:9      | HP: 3/70 [Harold/harpoon shot (5)]
  9771 | D:9      | Killed from afar by Harold

Skill      XL: |  1  2  3  4  5  6  7  8  9 10 |
---------------+-------------------------------+-----
Fighting       | 3 4 5 6 8 10 11 | 11.3
Maces & Flails | 4 5 6 8 10 | 10.0
Shields        | 3 5 |  5.0
Invocations    | 3 |  3.2
Armour         | 2 |  2.3
Throwing       | |  1.7
Dodging        | |  2.4

Action                   |  1- 3 |  4- 6 |  7- 9 | 10-12 || total
-------------------------+-------+-------+-------+-------++-------
Melee: Flail             |   115 |   140 |   451 |   171 ||   877
Throw: Throwing net      |       |       |     3 |       ||     3
Invok: Heroism           |       |       |    12 |     3 ||    15
Evoke: Wand              |       |       |     5 |     1 ||     6
  Use: Scroll            |       |     4 |     4 |       ||     8
       Potion            |       |       |       |     1 ||     1
 Stab: Held in net/web   |       |       |     2 |       ||     2
       Paralysed         |       |       |     3 |       ||     3
  Eat: Ration            |     1 |     1 |     1 |     1 ||     4
       Chunk             |       |     3 |    11 |     5 ||    19
Armor: Leather armour    |    62 |    61 |   132 |    59 ||   314
Dodge: Dodged            |    77 |    72 |   215 |    75 ||   439
Block: Buckler           |       |     9 |    87 |    39 ||   135
